 Dungeon Crawl Stone Soup version 0.27.1 (webtiles) character file.

Game seed: 14536062120300596109

7573 GameOver the Covert (level 11, -8/81 HPs)
             Began as a Naga Hedge Wizard on Aug 26, 2021.
             Was a Priest of Kikubaaqudgha.
             Mangled by a flying skull (11 damage)
             ... in a Gauntlet.
             The game lasted 00:59:51 (7980 turns).

GameOver the Covert (Naga Hedge Wizard)             Turns: 7980, Time: 00:59:53

Health: -8/81      AC:  9    Str: 19    XL:     11   Next: 17%
Magic:  1/16       EV: 11    Int: 20    God:    Kikubaaqudgha [***...]
Gold:   482        SH:  0    Dex: 12    Spells: 1/20 levels left

rFire    . . .     SeeInvis +   w - +3 long sword (elec)
rCold    . . .     Faith    +   (no shield)
rNeg     . . .     Spirit   .   b - +0 steam dragon scales
rPois    +         Reflect  .   c - +0 helmet
rElec    +         Harm     .   D - +0 cloak
rCorr    .         Rampage  .   f - +0 pair of gloves
Will     +....     NoTele   +   (no barding)
Stlth    ++++......             F - amulet of faith
HPRegen  0.23/turn              l - +6 ring of strength
MPRegen  0.15/turn              d - ring "Zenkahi" {rElec rPois Dex+2 Slay+2}

@: mighty, wereblooded, unable to read, hasted, quick
A: AC +3, large, see invisible, deformed body, poison resistance, slowness 2,
spit poison 2, naga tail 1, clever 1, low mp 1, inability to read while
threatened
a: Breathe Poison Gas, Renounce Religion, Receive Corpses


You were in a Gauntlet.
You worshipped Kikubaaqudgha.
Kikubaaqudgha was most pleased with you.
You visited 3 branches of the dungeon, and saw 12 of its levels.
You also visited: Ossuary and Gauntlet.

You collected 757 gold pieces.
You spent 275 gold pieces at shops.

Inventory:

Hand Weapons
 e - a +0 spear
 j - a +0 falchion
 t - a +0 short sword
 w - a +3 long sword of electrocution (weapon)
 W - a +2 dagger of venom
Armour
 b - +0 steam dragon scales (worn)
 c - a +0 helmet (worn)
 f - a +0 pair of gloves (worn)
 o - a +0 buckler
 D - a +0 cloak (worn)
Magical Staves
 v - a staff of earth
Jewellery
 d - the ring "Zenkahi" (right hand) {rElec rPois Dex+2 Slay+2}
   (You found it in a Gauntlet)

   [ring of poison resistance]

   Dex:       It affects your dexterity (+2).
   Slay:      It affects your accuracy & damage with ranged weapons and melee
   (+2).
   rElec:     It insulates you from electricity.
   rPois:     It protects you from poison.
 l - a +6 ring of strength (left hand)
 A - a ring of willpower
 B - a ring of magical power
 F - an amulet of faith (around neck)
 J - a ring of ice
 K - an amulet of reflection
 L - an amulet of regeneration
Wands
 H - a wand of flame (56)
Scrolls
 a - 4 scrolls of holy word
 h - a scroll of fear {unknown}
 i - 8 scrolls of teleportation
 k - 2 scrolls of fog
 n - a scroll of acquirement {unknown}
 p - 4 scrolls of enchant weapon
 q - 2 scrolls of blinking
 r - a scroll of identify
 x - 2 scrolls of summoning
 y - 3 scrolls of silence
 C - a scroll of vulnerability {unknown}
 E - a scroll of amnesia
 I - a scroll of enchant armour
Potions
 m - a potion of magic
 s - 4 potions of curing
 u - a potion of haste
 z - 2 potions of attraction
 G - a potion of lignification {unknown}


   Skills:
 * Level 7.3 Long Blades
 + Level 4.9 Dodging
 - Level 9.0 Stealth
 - Level 5.0 Spellcasting
 - Level 6.0 Conjurations
 - Level 1.0 Summonings
 * Level 5.2 Necromancy
 - Level 3.0 Translocations
 * Level 7.4 Transmutations
 - Level 6.0 Poison Magic


You had one spell level left.
You knew the following spells:

 Your Spells              Type           Power      Damage    Failure   Level
a - Magic Dart            Conj           100%       1d8       1%          1
b - Blink                 Tloc           N/A        N/A       4%          2
c - Dispel Undead         Necr           25%        3d12      14%         4
d - Mephitic Cloud        Conj/Pois/Air  21%        N/A       7%          3
e - Spider Form           Tmut/Pois      15%        N/A       2%          3
q - Animate Dead          Necr           12%        N/A       14%         4
Z - Wereblood             Tmut           34%        N/A       1%          2

Your spell library contained the following spells:

 Spells                   Type           Power      Damage    Failure   Level
 Animate Skeleton         Necr           50%        N/A       1%          1
 Pain                     Necr           100%       1d9       1%          1
 Sublimation of Blood     Necr           12%        N/A       1%          2
 Vampiric Draining        Necr           12%        2d7       4%          3
 Conjure Flame            Conj/Fire      17%        6-21      10%         3
 Dazzling Flash           Conj/Hex       34%        N/A       10%         3
 Call Imp                 Summ           9%         N/A       12%         2
 Ensorcelled Hibernation  Hex/Ice        10%        N/A       17%         2
 Slow                     Hex            5%         N/A       17%         2
 Iskenderun's Mystic Bla  Conj/Tloc      23%        2d6       19%         4
 Agony                    Necr           25%        N/A       36%         5
 Excruciating Wounds      Necr           12%        N/A       36%         5
 Borgnjor's Vile Clutch   Necr/Erth      7%         N/A       73%         5
 Death Channel            Necr           12%        N/A       91%         6
 Simulacrum               Ice/Necr       7%         N/A       99%         6
 Starburst                Conj/Fire      8%         6d4       99%         6
 Shadow Creatures         Summ           N/A        N/A       100%        6
 Summon Hydra             Summ           4%         N/A       100%        7


Dungeon Overview and Level Annotations

Branches:
Dungeon (10/15)            Temple (1/1) D:4            Lair (1/6) D:9
Ossuary (visited)         Gauntlet (1/1)
    Orc: D:9-12

Altars:
Ashenzari
Cheibriados
Dithmenos
Elyvilon
Fedhas
Gozag
Hepliaklqana
Kikubaaqudgha
Makhleb
Nemelex Xobeh
Okawaru
Qazlal
Ru
Sif Muna
Trog
Uskayaw
Vehumet
Wu Jian
Xom
Yredelemnul
Zin
The Shining One

Shops:
D:2 *   D:8 ?

Annotations:
Gauntlet 10 transporters, 11 runed translucent doors, exclusion: lightning spire


Innate Abilities, Weirdness & Mutations

Your serpentine skin is tough. (AC +3)
You have supernaturally acute eyesight. (SInv)
Armour fits poorly on your strangely shaped body.
Your system is resistant to poisons. (rPois)
You cover ground very slowly.
You can exhale a cloud of poison.
You have a snake-like lower body.
Your mind is acute. (Int +2)
Your magical capacity is low. (-10% MP)
You sometimes lose the ability to read scrolls when taking damage.


Message History

Aim: a flying skull (100% to hit)
The flying skull is dispelled!!
The flying skull closely misses you.
Unknown command.
You closely miss the flying skull.
The flying skull is almost destroyed.
The flying skull hits you but does no damage.
You slash the flying skull!
You feel a bit better.
You destroy the flying skull!
Kikubaaqudgha accepts your kill.
You can read scrolls again.
Unknown command.
Casting: Dispel Undead (dangerous; 14% risk of failure)
Confirm with . or Enter, or press ? or * to list all spells.
Aiming: Dispel Undead (dangerous; 14% risk of failure)
Press: ? - help, Shift-Dir - straight line, f - flying skull
Aim: a flying skull (moderately damaged, 100% to hit)
The flying skull is dispelled!!
You feel a bit better.
You destroy the flying skull!
Kikubaaqudgha accepts your kill. The flying skull barely misses you.
You riposte.
You slash the flying skull!
The flying skull is heavily damaged.
Unknown command.
Casting: Dispel Undead (dangerous; 14% risk of failure)
Confirm with . or Enter, or press ? or * to list all spells.
You don't have enough magic to cast this spell.
You hit the flying skull.
The flying skull is severely damaged.
The flying skull hits you.
* * * LOW HITPOINT WARNING * * *
The flying skull hits you!
* * * LOW HITPOINT WARNING * * *
Unknown command.
You barely miss the flying skull.
The flying skull is severely damaged.
The flying skull hits you!
You feel threatened and lose the ability to read scrolls!
* * * LOW HITPOINT WARNING * * *
The flying skull hits you!
You die...
Kikubaaqudgha rasps: "You have failed me!
Welcome... death!"

##################...### ######
©$...#§#..)[©. ..#...#.. .?.4#≈
.##..#§#z###...#.#...#4. ....#≈
..##.#§#.#...#.#.#...#24 +#..#≈
...#.#≈#..z###..z#...#++ .#++#≈
©....#8#.#.#©..#z#...#..
...#.#≈#.#...#z#z#...#.. ..#≈
..##.#≈#z..###.zz#...#++ #++#≈
.##.Z#≈#.###z..#@#...#.. .+..#≈
....Z#≈#.......z.#...#.. .+..#≈
##################..§### ######
©...........©#....§≈§... ......
######.#######....≈8≈.... #####.
.....#.#...........≈...... ....#.
.....#.###########.§.###########.
###..#.#.........#...##b#.###.##.
#8#..#.#...###...#...#.#.##..#b#.


You could see a green death, 2 orange demons, a fire bat and 7 flying skulls.

Vanquished Creatures
  A two-headed ogre (D:8)
  A hornet (D:9)
  4 flying skulls (Gauntlet)
  8 yaks (D:10)
  A wyvern (D:10)
  Eustachio (D:6)
  A shadow (D:9)
  2 chaos spawn (Gauntlet)
  A neqoxec (Gauntlet)
  A steam dragon (D:6)
  2 vampire mosquitoes (D:10)
  An acid dragon (D:10)
  2 water moccasins
  3 orc warriors (D:10)
  A sky beast (D:5)
  A black bear (D:6)
  3 ice beasts
  A necrophage (D:7)
  3 hornet zombies
  2 ogres
  4 centaurs
  3 kobold brigands
  2 elf zombies (Ossuary)
  2 bullfrogs
  A wyvern zombie (D:9)
  A gnoll sergeant (D:10)
  A scorpion (D:7)
  A wyvern skeleton (D:7)
  A water moccasin zombie (D:5)
  A water moccasin skeleton (D:7)
  4 howler monkeys
  5 centaur zombies
  A human zombie (Ossuary)
  3 hounds
  5 orc priests
  A centaur skeleton (D:7)
  An iguana (D:6)
  A hound zombie (Ossuary)
  3 mummies (Ossuary)
  Robin (D:3)
  7 gnolls
  5 adders
  3 adder zombies (Ossuary)
  A worm (D:2)
  2 dart slugs
  13 orcs
  2 endoplasms
  4 giant cockroaches
  A gnoll zombie (Ossuary)
  4 hobgoblins
  3 jackals (D:2)
  21 kobolds
  2 quokkas
  6 ball pythons
  6 bats
  A frilled lizard (D:2)
  12 goblins
  9 goblin zombies (Ossuary)
  4 hobgoblin zombies (Ossuary)
  3 jackal zombies (Ossuary)
  3 kobold zombies (Ossuary)
  An orc zombie (Ossuary)
  2 quokka zombies (Ossuary)
  2 rats
  2 rat zombies (Ossuary)
201 creatures vanquished.

Vanquished Creatures (others)
  9 fungi
  18 plants
27 creatures vanquished.

Grand Total: 228 creatures vanquished

Notes
Turn   | Place    | Note
-------+----------+-------------------------------------------
     0 | D:1      | GameOver the Naga Hedge Wizard began the quest for the Orb.
     0 | D:1      | Reached XP level 1. HP: 15/15 MP: 4/4
    68 | D:1      | Found a faded altar of an unknown god.
   239 | D:1      | Reached XP level 2. HP: 22/22 MP: 3/6
   522 | D:2      | Reached XP level 3. HP: 28/28 MP: 5/7
   527 | D:2      | Learned a level 2 spell: Blink
   531 | D:2      | Learned a level 3 spell: Mephitic Cloud
   855 | D:2      | Found Reifas's General Store.
   862 | D:2      | Bought a scroll of identify for 28 gold pieces
  1325 | D:3      | Noticed Robin
  1333 | D:3      | Reached XP level 4. HP: 28/36 MP: 5/8
  1381 | D:3      | You fall into a shaft and drop 2 floors!
  1381 | D:5      | Entered Level 5 of the Dungeon
  1403 | D:5      | Noticed an ogre
  1635 | D:3      | Reached skill level 1 in Poison Magic
  1752 | D:3      | Reached XP level 5. HP: 36/42 MP: 5/9
  1806 | D:3      | Killed Robin
  2090 | D:4      | Found a staircase to the Ecumenical Temple.
  2101 | Temple   | Entered the Ecumenical Temple
  2124 | Temple   | Became a worshipper of Kikubaaqudgha
  2266 | D:4      | Found a transporter.
  2300 | D:4      | Found a transporter.
  2520 | D:5      | Killed an ogre
  2521 | D:5      | Reached skill level 5 in Conjurations
  2521 | D:5      | Reached XP level 6. HP: 49/49 MP: 4/10
  2708 | D:5      | Noticed an ice beast
  2897 | D:5      | Gained mutation: Your mind is acute. (Int +2) [potion of
                  | mutation]
  2897 | D:5      | Gained mutation: You can exhale a cloud of poison. [potion
                  | of mutation]
  2904 | D:5      | Killed an ice beast
  2912 | D:5      | Noticed a sky beast
  2917 | D:5      | Killed a sky beast
  2918 | D:5      | Reached XP level 7. HP: 34/55 MP: 8/11
  3474 | D:6      | Reached skill level 5 in Poison Magic
  3544 | D:6      | Found a sacrificial altar of Ru.
  3547 | D:6      | Noticed Eustachio
  3684 | D:6      | Reached skill level 4 in Stealth
  3796 | D:6      | Found a glowing silver altar of Zin.
  3797 | D:6      | Noticed an angel
  3837 | D:7      | Reached XP level 8. HP: 51/62 MP: 4/13
  3894 | D:7      | Learned a level 2 spell: Wereblood
  3898 | D:7      | Learned a level 3 spell: Spider Form
  3931 | D:7      | Reached skill level 5 in Stealth
  4041 | D:7      | Reached skill level 1 in Long Blades
  4041 | D:7      | Reached skill level 1 in Transmutations
  4136 | D:6      | Reached skill level 6 in Stealth
  4410 | D:7      | Reached skill level 7 in Stealth
  4410 | D:7      | Reached XP level 9. HP: 64/68 MP: 16/16
  4469 | D:8      | Found a sand-covered staircase.
  4478 | Ossuary  | Entered an ossuary
  4491 | Ossuary  | Reached * piety under Kikubaaqudgha
  4491 | Ossuary  | Received a gift from Kikubaaqudgha
  4566 | Ossuary  | Reached skill level 5 in Spellcasting
  4677 | Ossuary  | Reached ** piety under Kikubaaqudgha
  4917 | D:6      | Killed Eustachio
  4918 | D:6      | Reached skill level 8 in Stealth
  5235 | D:8      | Identified the +0 robe "Ocus Ozu" {Str+6}
  5346 | D:8      | Noticed a two-headed ogre
  5400 | D:8      | Killed a two-headed ogre
  5401 | D:8      | Reached skill level 9 in Stealth
  5468 | D:8      | Found Ymallat's Magic Scroll Emporium.
  5487 | D:8      | Bought a scroll of teleportation for 45 gold pieces
  5487 | D:8      | Bought a scroll of teleportation for 45 gold pieces
  5487 | D:8      | Bought a scroll of teleportation for 45 gold pieces
  5487 | D:8      | Bought a scroll of enchant armour for 112 gold pieces
  5555 | D:8      | Reached skill level 5 in Transmutations
  5560 | D:8      | Found a bloodstained altar of Trog.
  5610 | D:8      | Reached *** piety under Kikubaaqudgha
  5610 | D:8      | Received a gift from Kikubaaqudgha
  5661 | D:8      | Learned a level 4 spell: Dispel Undead
  5675 | D:8      | Reached skill level 5 in Long Blades
  5675 | D:8      | Reached skill level 1 in Necromancy
  5675 | D:8      | Reached XP level 10. HP: 64/75 MP: 17/17
  5727 | D:8      | Found a broken altar of Ashenzari.
  6428 | D:9      | Found a staircase to the Lair.
  6763 | D:10     | Entered Level 10 of the Dungeon
  6952 | D:10     | Found a hide-covered altar of Uskayaw.
  7122 | D:10     | Found a stormy altar of Qazlal.
  7138 | D:10     | Reached **** piety under Kikubaaqudgha
  7229 | D:10     | Learned a level 4 spell: Animate Dead
  7460 | Lair:1   | Entered Level 1 of the Lair of Beasts
  7475 | Lair:1   | Found a gate leading to a gauntlet.
  7493 | Lair:1   | Reached XP level 11. HP: 62/81 MP: 18/18
  7495 | Gauntlet | Entered a Gauntlet
  7495 | Gauntlet | Found a transporter.
  7495 | Gauntlet | Found a transporter.
  7500 | Gauntlet | Found a transporter.
  7515 | Gauntlet | Found a transporter.
  7524 | Gauntlet | Noticed a death drake
  7529 | Gauntlet | Found a transporter.
  7542 | Gauntlet | Found a transporter.
  7560 | Gauntlet | Found a transporter.
  7619 | Gauntlet | Noticed a fire crab
  7626 | Gauntlet | Found a transporter.
  7641 | Gauntlet | Found a transporter.
  7643 | Gauntlet | Found a large runed translucent door.
  7644 | Gauntlet | Found a large runed translucent door.
  7645 | Gauntlet | Found a large runed translucent door.
  7645 | Gauntlet | Found a large runed translucent door.
  7647 | Gauntlet | Noticed a quicksilver ooze
  7658 | Gauntlet | Found a transporter.
  7669 | Gauntlet | Found a transporter.
  7671 | Gauntlet | Found a large runed translucent door.
  7672 | Gauntlet | Found a large runed translucent door.
  7674 | Gauntlet | Found a runed translucent gate.
  7674 | Gauntlet | Noticed a death drake
  7730 | Gauntlet | Found a transporter.
  7741 | Gauntlet | Gained mutation: You sometimes lose the ability to read
                  | scrolls when taking damage. [a neqoxec]
  7751 | Gauntlet | Gained mutation: Your magical capacity is low. (-10% MP) [a
                  | neqoxec]
  7784 | Gauntlet | Identified the ring "Zenkahi" {rElec rPois Dex+2 Slay+2}
  7956 | Gauntlet | Found a transporter.
  7961 | Gauntlet | Reached skill level 5 in Necromancy
  7964 | Gauntlet | Found a large runed translucent door.
  7964 | Gauntlet | Found a large runed translucent door.
  7964 | Gauntlet | Found a large runed translucent door.
  7964 | Gauntlet | Found a large runed translucent door.
  7964 | Gauntlet | Noticed a green death
  7980 | Gauntlet | HP: 3/81 [flying skull (11)]
  7980 | Gauntlet | Mangled by a flying skull

Illustrated notes

Levels and vault maps discovered:
D:1:      wander_arrival_fairy_ring, layout_rooms,
          dreamdust_ecumenical_altar_statues
D:2:      layout_basic, serial_shops, shop
D:3:      layout_basic, skrybe_limestone_x, serial_bayou_lagoon_a, uniq_robin
D:4:      gammafunk_wand_slinger, layout_rooms, minmay_temple_entry_large_hall
D:5:      layout_basic, serial_bayou_pond_e
D:6:      layout_rooms, zin_angel, mainiacjoe_overflow_small_starburst,
          abandoned_shop, uniq_eustachio
D:7:      layout_cave_pools, grunt_ministairs_15, kennysheep_small_circle
D:8:      layout_basic, lemuel_coloured_pillars_altar, marbit_many_paths,
          serial_shops, shop_coins, enter_ossuary_1, lightli_orcish_oven
D:9:      layout_roguey, lair_entry_dummy
D:10:     layout_rooms, nicolae_uskayaw_dance_studio,
          mainiacjoe_overflow_boulevard, minmay_misc_feat_secret_circle
Temple:   eino_temple_scatter_basement
Lair:1:   dragon1_lemuel, layout_loops_ring, gauntlet_entry_generic,
          grunt_megastairs_2, lemuel_fruit_fields, uniq_nergalle, uniq_joseph,
          uniq_erica
Gauntlet: gammafunk_gauntlet_branching [nicolae_gauntlet_arena_t_cross,
          gammafunk_gauntlet_arena_mazey,
          gammafunk_gauntlet_arena_split_diamond,
          nicolae_gauntlet_arena_grate_2,
          minmay_gauntlet_arena_make_your_own_arena, nicolae_gauntlet_swirl,
          gammafunk_gauntlet_arena_hedges, nicolae_gauntlet_arena_x,
          gauntlet_exit_spiral]

Skill      XL: |  1  2  3  4  5  6  7  8  9 10 11 |
---------------+----------------------------------+-----
Conjurations   | 2 3 4 5 6 |  6.0
Poison Magic   | 1 2 4 5 6 |  6.0
Translocations | 3 |  3.0
Stealth        | 4 7 9 |  9.0
Spellcasting   | 4 5 |  5.0
Long Blades    | 2 5 6 7 |  7.3
Transmutations | 2 5 7 |  7.4
Dodging        | 3 4 |  4.9
Necromancy     | 1 4 5 |  5.2
Summonings     | |  1.0

Action                   |  1- 3 |  4- 6 |  7- 9 | 10-12 || total
-------------------------+-------+-------+-------+-------++-------
Melee: Short sword       |     4 |     4 |       |       ||     8
       Spear             |       |     8 |    14 |       ||    22
       Dagger            |       |       |     5 |       ||     5
       Long sword        |       |       |   140 |   146 ||   286
 Cast: Magic Dart        |    48 |    43 |   121 |    47 ||   259
       Mephitic Cloud    |       |     3 |     9 |    14 ||    26
       Blink             |       |       |     5 |     6 ||    11
       Wereblood         |       |       |     9 |     1 ||    10
       Animate Dead      |       |       |       |     2 ||     2
       Dispel Undead     |       |       |       |     2 ||     2
Invok: Receive Corpses   |       |       |       |     3 ||     3
 Abil: Spit Poison       |    33 |    31 |       |       ||    64
       Breathe Poison Ga |       |     1 |    13 |     9 ||    23
  Use: Scroll            |     2 |     2 |     8 |     4 ||    16
       Potion            |       |     5 |     4 |     3 ||    12
 Stab: Confused          |       |     1 |     4 |     5 ||    10
       Sleeping          |       |       |     2 |       ||     2
Armor: Robe              |     1 |     6 |    20 |       ||    27
       Steam dragon scal |       |       |    47 |    35 ||    82
Dodge: Dodged            |     5 |    11 |    90 |    83 ||   189
       Rpst.: Long sword |       |       |    29 |    30 ||    59
